 Dungeon Crawl Stone Soup version 0.20.1-1-g8b1a95d (webtiles) character file.

635430 Jazqa the Commander (level 27, 0/201 HPs)
             Began as a Demonspawn Gladiator on Oct 27, 2017.
             Was a High Priest of Okawaru.
             Killed from afar by an orb of fire (26 damage)
             ... with a fireball
             ... on level 5 of the Realm of Zot on Oct 28, 2017.
             The game lasted 03:23:00 (81195 turns).

Jazqa the Commander (Demonspawn Gladiator)         Turns: 81195, Time: 03:23:00

Health: 0/201      AC: 42    Str: 26    XL:     27
Magic:  23/34      EV: 44    Int: 15    God:    Okawaru [*****.]
Gold:   3459       SH: 28    Dex: 31    Spells: 26/26 levels left

rFire    + . .     SeeInvis +   J - +9 morningstar of the Endless Expanse {crush, Str+5 Int+4 Dex+4}
rCold    + + .     Gourm    .   R - +3 shield {rF+}
rNeg     + . .     Faith    .   S - +10 plate armour {MR+}
rPois    +         Spirit   .   (helmet unavailable)
rElec    +         Reflect  +   X - scarf {cloud immunity}
rCorr    +         Harm     .   q - +0 pair of gloves of Tybbelues {rC+ rCorr}
MR       ++++.     Clarity  +   y - +2 pair of boots of the Onion {+Inv rElec rC+ Stlth+}
Stlth    ++........             r - +5 amulet of reflection
Regen    0.0/turn               W - ring of Leblev {MR+ Str+2 Dex+4 SInv}
MPRegen  0.3/turn               F - ring of Phasing {EV+8}

@: agile, heroism
A: antennae 3, talons 1, slimy green scales 3, clarity, clumsy 1, frail 1, foul
stench 2, low mp 1, negative energy resistance 1, poison resistance, screaming
1, shaggy fur 1, inhibited regeneration, spiny 3, 50% torment resistance, weak
1, evolution 1, black mark, rot immunity
}: 3/15 runes: decaying, serpentine, silver
a: Heroism, Finesse, Renounce Religion, Evoke Invisibility


You were on level 5 of the Realm of Zot.
You worshipped Okawaru.
Okawaru was extremely pleased with you.
You were not hungry.

You visited 10 branches of the dungeon, and saw 49 of its levels.
You visited 1 bazaar.
You also visited: Sewer.

You collected 8505 gold pieces.
You spent 5046 gold pieces at shops.


Innate Abilities, Weirdness & Mutations

You have a pair of large antennae on your head. (SInv)
You are completely covered in slimy green scales. (AC +4, rPois)
You frequently emit foul miasma when damaged in melee.
You resist negative energy. (rN+)
You are completely covered in sharp spines.
You are somewhat able to resist unholy torments (1 in 2 success).
Your melee attacks may debilitate your foes.
You are immune to rotting.
You have sharp toenails.
You possess an exceptional clarity of mind.
You are clumsy. (Dex -2)
You are frail. (-10% HP)
Your magical capacity is low. (-10% MP)
Your system is resistant to poisons. (rPois)
You occasionally shout uncontrollably at your foes.
You are covered in fur. (AC +1)
You do not regenerate when monsters are visible.
You are weak. (Str -2)
You evolve.


   Skills:
 - Level 20.0(25.0) Fighting
 + Level 20.3(25.3) Maces & Flails
 - Level 1.7(6.7) Throwing
 - Level 20.2(25.2) Armour
 + Level 18.5(23.5) Dodging
 + Level 19.5(24.5) Shields
 + Level 22.2 Invocations


You had 26 spell levels left.
You didn't know any spells.

Inventory:

Hand Weapons
 f - the +5 demon whip "Spellbinder" {antimagic, MR+}
   (You found it on level 5 of the Lair of Beasts)

   It reduces the magical energy of the wielder, and disrupts the spells and
   magical abilities of those hit.
   Natural abilities and divine invocations are not affected.
   It affects your resistance to hostile enchantments.
 t - the +6 eveningstar "Arbiter" {freeze, rC++ Dex+7}
   (Okawaru gifted it to you on level 5 of the Vaults)

   It has been specially enchanted to freeze those struck by it, causing extra
   injury to most foes and up to half again as much damage against particularly
   susceptible opponents.
   It can also slow down cold-blooded creatures.
   It affects your dexterity (+7).
   It greatly protects you from cold.
 J - the +9 morningstar of the Endless Expanse (weapon) {crush, Str+5 Int+4 Dex+4}
   (Okawaru gifted it to you on level 5 of the Vaults)

   It inflicts extra damage upon your enemies.
   It affects your strength (+5).
   It affects your intelligence (+4).
   It affects your dexterity (+4).
Armour
 q - the +0 pair of gloves of Tybbelues (worn) {rC+ rCorr}
   (Okawaru gifted it to you on level 5 of the Lair of Beasts)

   It protects you from cold.
   It protects you from acid and corrosion.
 y - the +2 pair of boots of the Onion (worn) {+Inv rElec rC+ Stlth+}
   (You bought it in a shop on level 2 of the Orcish Mines)

   It protects you from cold.
   It insulates you from electricity.
   It lets you turn invisible.
   It makes you more stealthy.
 M - the +1 cloak of Starlight {rElec rC+ EV+4 Stlth--}
   (You found it on level 4 of the Depths)

   It affects your evasion (+4).
   It protects you from cold.
   It insulates you from electricity.
   It makes you much less stealthy.
 R - a +3 shield of fire resistance (worn)
 S - a +10 plate armour of magic resistance (worn)
 X - a scarf of cloud immunity (worn)
Jewellery
 r - a +5 amulet of reflection (around neck)
 F - the ring of Phasing (right hand) {EV+8}
   (You found it on level 3 of the Depths)

   [ring of evasion]

   It affects your evasion (+8).
 V - the ring "Tikhlub" {Wiz rF++}
   (You found it on level 1 of the Swamp)

   [ring of wizardry]

   It improves your spell success rate.
   It greatly protects you from fire.
 W - the ring of Leblev (left hand) {MR+ Str+2 Dex+4 SInv}
   (You took it off a naga sharpshooter on level 3 of the Snake Pit)

   [ring of strength]

   It affects your strength (+2).
   It affects your dexterity (+4).
   It affects your resistance to hostile enchantments.
   It lets you see invisible.
Wands
 c - a wand of acid (15/15)
 w - a wand of confusion (11/48)
 E - a wand of clouds (9/9)
Scrolls
 a - 10 scrolls of identify {@r1}
 h - 11 scrolls of fear
 j - 19 scrolls of remove curse {@r2}
 m - 8 scrolls of teleportation {@r4}
 o - 4 scrolls of enchant weapon
 p - a scroll of amnesia
 x - 6 scrolls of fog
 z - 4 scrolls of blinking
 B - 3 scrolls of magic mapping
 N - 6 scrolls of recharging
 O - 4 scrolls of holy word {!r}
 P - a scroll of brand weapon
 T - 5 scrolls of vulnerability {!r}
 U - a scroll of enchant armour
 Z - a scroll of silence {!r}
Potions
 b - 5 potions of haste {@q3}
 e - 6 potions of agility
 k - 4 potions of might
 l - 6 potions of cancellation
 s - 5 potions of berserk rage {!q}
 v - 6 potions of invisibility
 A - 5 potions of magic
 C - 13 potions of curing {@q1}
 D - 3 potions of ambrosia
 G - 5 potions of flight
 I - a potion of mutation {!q}
 K - 7 potions of lignification {!q}
Miscellaneous
 d - a fan of gales
Comestibles
 i - 21 meat rations {@e1}
 n - 54 fruits {@e2}
 u - 31 bread rations {@e1}
 Q - 3 royal jellies {@e3}

Dungeon Overview and Level Annotations

Branches:
Dungeon (15/15)            Temple (1/1) D:4            Lair (6/6) D:8
  Swamp (4/4) Lair:4        Snake (4/4) Lair:2        Slime (0/5) Lair:5
    Orc (2/2) D:10            Elf (2/3) Orc:2        Vaults (5/5) D:14
  Crypt (0/3) Vaults:3     Depths (5/5) D:15            Zot (5/5) Depths:5

Altars:
Ashenzari
Cheibriados
Dithmenos
Elyvilon
Fedhas
Gozag
Hepliaklqana
Kikubaaqudgha
Makhleb
Nemelex Xobeh
Okawaru
Qazlal
Ru
Sif Muna
Trog
Uskayaw
Vehumet
Xom
Yredelemnul
Zin
The Shining One
Beogh

Shops:
D:8 ?   Orc:2 [(((?%[   Elf:2 *   Snake:2 =?(   Snake:3 !   Vaults:1 *
Vaults:2 *   Vaults:4 ?!(   Vaults:5 }   Depths:3 [

Portals:
Hell: Depths:1 Depths:2 Depths:3 Depths:4 Depths:5
Abyss: Depths:4
Pandemonium: Depths:3 Depths:5
Ziggurat: Depths:2

Annotations:
D:7 exclusion: oklob plant

*,,,,,,,,,,,,,,,,,,,,*
▒.....y........,,,,,,*
▒..............,,,,,,* ▒
▒..............,,,,,,*▒▒
*▒..X..........,,,,,▒▒▒.
*▒........X...,,,,*▒...
*▒......X..,,.....^..▒
██.....▒▒███████████▒
*█...@.......,,,,****
*█............,,,,,,,**
*█.............,,,,,,,,,
█..............,,,,,,,,,
█........✱...✱.,,,,,,,,,
██..........✱..,,,,,,,,,
██............,,,,,,,,,
██...........,,,,,,,,,
**,,,,,,,,,,,,,,,,,,,,,


You could see 3 orbs of fire, 3 Orb Guardians and a friendly moth of wrath.


Message History

* * * LOW HITPOINT WARNING * * *
Your moth of wrath is lightly wounded. x2
Your death cob hits the orb of fire but does no damage.
The orb of fire glows yellow.
Strange energies course through your body.
You feel the urge to shout.
You feel better.
Your death cob barely misses the orb of fire.
Your death cob misses the orb of fire.
The black draconian hits your moth of wrath with a halberd!
The orb of fire glows red.
The fireball explodes!
The fireball engulfs you! You resist.
* * * LOW HITPOINT WARNING * * *
Your moth of wrath bites the soul eater!
Your death cob hits the orb of fire!
Your death cob drains the orb of fire's vigour!
The orb of fire seems to slow down.
You feel better.
Your death cob hits the orb of fire but does no damage.
Your moth of wrath bites the soul eater but does no damage.
An arrow hits the soul eater, but does no damage!
The black draconian monk breathes lightning at you.
The bolt of lightning misses you. x2; Your death cob misses the orb of fire.
The black draconian hits your moth of wrath with a halberd!
Your moth of wrath misses the green draconian.
Your surroundings suddenly seem different.
An orb of fire comes into view.
The orb of fire glows yellow.
The fireball explodes!
The fireball engulfs you! You resist.
You die...

Skill      XL: |  1  2  3  4  5  6  7  8  9 10 11 12 13 14 15 16 17 18 19 20 21 22 23 24 25 26 27 |
---------------+----------------------------------------------------------------------------------+-----
Maces & Flails | 3 4 5 6 7 8 9 10 11 12 13 14 15 16 17 18 19 20 | 20.3
Fighting       | 3 4 5 6 8 9 10 11 12 14 15 17 18 19 20 | 20.0
Dodging        | 3 5 6 7 8 9 10 11 12 13 14 15 16 17 18 | 18.5
Armour         | 2 4 6 7 8 10 11 12 13 15 16 17 18 19 20 | 20.2
Invocations    | 4 6 8 10 12 13 14 15 17 18 20 21 22 | 22.2
Shields        | 2 4 6 8 10 12 13 15 16 17 18 19 | 19.5
Throwing       | |  1.7

Action                   |  1- 3 |  4- 6 |  7- 9 | 10-12 | 13-15 | 16-18 | 19-21 | 22-24 | 25-27 || total
-------------------------+-------+-------+-------+-------+-------+-------+-------+-------+-------++-------
Melee: Flail             |    86 |   130 |   130 |       |       |       |       |       |       ||   346
       Whip              |       |       |    42 |   709 |       |       |       |       |       ||   751
       Demon whip        |       |       |       |    25 |  1717 |  1987 |   483 |  2252 |  1428 ||  7892
       Morningstar       |       |       |       |       |       |   315 |  1425 |   193 |   632 ||  2565
       Eveningstar       |       |       |       |       |       |       |       |   161 |       ||   161
Throw: Throwing net      |       |     1 |       |       |       |       |       |       |       ||     1
Invok: Heroism           |       |       |     1 |    14 |    17 |    13 |     9 |    16 |    10 ||    80
       Finesse           |       |       |       |       |     2 |     1 |     1 |     7 |       ||    11
Evoke: Wand              |       |       |       |     1 |       |       |       |       |       ||     1
  Use: Scroll            |     2 |     5 |     5 |    10 |    24 |    19 |    10 |    18 |    13 ||   106
       Potion            |       |       |       |     6 |    10 |     7 |     2 |     8 |    11 ||    44
 Stab: Sleeping          |     2 |     1 |     3 |       |       |       |       |       |       ||     6
       Distracted        |     2 |       |       |       |       |     5 |       |     5 |     4 ||    16
       Petrified         |       |       |       |       |     1 |       |       |       |       ||     1
       Paralysed         |       |       |       |       |     5 |     9 |     1 |     2 |     4 ||    21
       Confused          |       |       |       |       |     3 |     3 |       |    15 |     1 ||    22
       Petrifying        |       |       |       |       |     1 |     1 |       |     2 |       ||     4
  Eat: Chunk             |     2 |     5 |    13 |    25 |    43 |    27 |    38 |    31 |    29 ||   213
       Royal jelly       |       |       |     1 |     3 |     1 |     7 |       |     1 |     3 ||    16
       Fruit             |       |       |       |       |       |    10 |     5 |     3 |       ||    18
       Meat ration       |       |       |       |       |       |       |       |     1 |       ||     1
Armor: Leather armour    |    23 |    36 |    35 |     1 |       |       |       |       |       ||    95
       Chain mail        |       |       |       |   221 |   105 |       |       |       |       ||   326
       Crystal plate arm |       |       |       |       |   142 |       |       |       |       ||   142
       Plate armour      |       |       |       |       |   264 |   643 |   669 |   624 |   415 ||  2615
Dodge: Dodged            |    54 |   101 |   118 |   329 |   511 |   451 |   605 |   922 |  1074 ||  4165
Block: Buckler           |       |       |     6 |   139 |   277 |    91 |       |       |       ||   513
       Large shield      |       |       |       |       |       |  1619 |  1652 |       |       ||  3271
       Reflection        |       |       |       |       |       |   184 |   157 |   110 |    32 ||   483
       Shield            |       |       |       |       |       |       |   359 |  1981 |  1875 ||  4215

Vault maps used:
D:1:      lemuel_arrival_funnel, serial_curves, eino_curves_02, eino_curves_04,
          eino_curves_03
D:2:      uniq_crazy_yiuf_cottage
D:3:      kennysheep_big_flooded_room, cheibrodos_sewer_entry_drain,
          nemelex_xobeh_ov_fountains_minmay, uniq_terence, uniq_sigmund
D:4:      minmay_temple_entry_from_below_a, first_bread, chei_slow_surprise
D:6:      grunt_decor_one_mirror, corexii_corridor_pit
D:7:      basic_altar, lemuel_oklob_altar, uniq_menkaure, uniq_joseph,
          uniq_pikel
D:8:      wad_pebble_path, erik_lair_orcish_takeover, serial_shops,
          nicolae_shop_stone
D:9:      hangedman_screamer
D:10:     david_orc_2, minivault_8
D:11:     serial_shops, bzr_entry_dummy, uniq_erica, uniq_josephine, uniq_snorg
D:12:     uniq_frances, uniq_gastronok, uniq_sonja
D:14:     grunt_vaults_entry_fortified, serial_column_ruins,
          column_ruins_hut_water, column_ruins_open_medium,
          column_ruins_corridor_straight, column_ruins_open_medium,
          column_ruins_corridor_corner, column_ruins_columns_dead_end,
          column_ruins_open_medium, blue_anna_alchemist, evilmike_ruin_ashenzari
D:15:     hangedman_depths_entry_civil_slaughter,
          nicolae_ru_the_path_less_chosen, serial_bayou_lake_a
Temple:   kilobyte_greek_temple
Lair:1:   lemuel_fruit_tree
Lair:2:   minmay_snake_entry_spellcaster, infiniplex_staircase_pool_2
Lair:4:   nicolae_swamp_entry_splash_gauntlet, kennysheep_rathole,
          grunt_megastairs_3, serial_bayou_shore_b, uniq_urug
Lair:5:   beast_lair_carwin_large_4, nicolae_slime_entry_slimehenge
Lair:6:   evilmike_catoblepas_cave, serial_bayou_shore_a
Swamp:1:  gammafunk_its_a_trap, evilmike_swamp_ruin_house_4, swamp_pool4,
          uniq_roxanne
Swamp:2:  evilmike_swamp_ruin_house_1
Swamp:3:  evilmike_swamp_ruin_rubble_1, uniq_jorgrun, uniq_mara, uniq_donald,
          uniq_louise
Swamp:4:  swamp_alternative
Snake:1:  nicolae_snake_linked_coils, serial_bayou_shore_b
Snake:2:  minmay_shoptagon, uniq_asterion, uniq_aizul, uniq_vashnia
Snake:3:  kennysheep_snake, serial_shops, shop, grunt_megastairs_1
Snake:4:  johnstein_snake_rune_scales, st_stairs_3, serial_bayou_shore_b,
          uniq_bai_suzhen
Orc:2:    grunt_orc_tribal_feast, serial_shops, shop, nicolae_shop_waterfront,
          nicolae_shop_window_shopping, basic_altar, rock_pile
Elf:1:    minmay_elf_arrival_plus, hangedman_elven_crosses_minicolossus,
          onia_ninara_cookie
Elf:2:    serial_shops, nicolae_shop_overgrown_old_shop
Vaults:1: hangedman_vaults_trim, st_smaller_cells, v_pattern_2,
          nicolae_vaults_theta, ontoclasm_vaults_idyll, v_misc_8,
          grunt_vaults_swirl, vaults_mumra_minichess_inversion,
          vaults_mumra_chevron_long, hangedman_vaults_maws,
          nicolae_vaults_three_branches, grunt_vaults_hallway_long,
          serial_shops, nicolae_shop_statue_plus
Vaults:2: nicolae_vaults_disjoint_gnomons, grunt_vaults_hallway_long,
          ontoclasm_vaults_loading_screen, nicolae_vaults_shelves_hall,
          v_misc_26, ontoclasm_vaults_gateway, hangedman_vaults_corner_blocks,
          vaults_dpeg_hooks, v_misc_12, ontoclasm_vaults_eye, serial_shops, shop
Vaults:3: nicolae_vaults_little_squares_5, hangedman_vaults_nails, v_misc_29,
          nicolae_vaults_an_arrangement, hangedman_vaults_restitches,
          grunt_vaults_diagonal, v_pattern_5, v_misc_1,
          vaults_dpeg_encased_lava, hangedman_vaults_slither,
          vaults_dpeg_spiral, ontoclasm_vaults_ring_square,
          minmay_crypt_entry_nasty_monster, basic_altar
Vaults:4: hangedman_vaults_corner, hangedman_vaults_nails, vaults_mumra_lcd,
          grunt_vaults_twisty, v_alt_pattern_3, vaults_room_grid, v_misc_4,
          v_misc_15, v_misc_3, dpeg_vaults_monster_row, st_check,
          vaults_room_pools, serial_shops, nicolae_shop_waterfront, shop_statue,
          nicolae_shop_trees, uniq_saint_roka
Depths:1: minivault_11, grunt_hell_entry_dis_mu, serial_bayou_crossing,
          firewood_loft
Depths:2: grunt_x_marks_the_spot, enter_ziggurat_f, grunt_decor_cap, hell_entry,
          infiniplex_staircase_hallway_doors, serial_bayou_shore_b,
          serial_bayou_shore_b
Depths:3: hangedman_cross_stitches, pf_hell_entry_tar_river,
          grunt_pan_entry_sceptre, serial_shops, shop
Depths:4: minmay_distorted_concentric_squares, pf_dread_powers_of_hell,
          abyss_entry, minmay_misc_feat_pillars, infiniplex_staircase_trident,
          serial_bayou_shore_b, basic_stair_grate_trap
Depths:5: evilmike_zot_entry_diamond, roderic_curled_sauvastika,
          grunt_pan_entry_in_and_out, hell_entry, minivault_1
Zot:3:    kennysheep_blocky_room
Zot:4:    hangedman_zot_decor_checkerboard
Bazaar:   bazaar_minmay_generic_box
Sewer:    sewer_frog_island_02

Notes
Turn   | Place    | Note
-------+----------+-------------------------------------------
     0 | D:1      | Jazqa the Demonspawn Gladiator began the quest for the Orb.
     0 | D:1      | Reached XP level 1. HP: 16/16 MP: 1/1
   225 | D:1      | Reached skill level 3 in Maces & Flails
   328 | D:1      | Gained mutation: You are partially covered in sharp spines. [demonic ancestry]
   328 | D:1      | Reached XP level 2. HP: 16/23 MP: 2/2
   765 | D:2      | Gained mutation: You are mostly covered in sharp spines. [demonic ancestry]
   765 | D:2      | Reached XP level 3. HP: 23/28 MP: 3/3
   993 | D:2      | Reached skill level 3 in Fighting
  1130 | D:2      | Found a runed door.
  1569 | D:3      | Noticed Terence
  1576 | D:3      | Killed Terence
  1576 | D:3      | Gained mutation: You are completely covered in sharp spines. [demonic ancestry]
  1576 | D:3      | Reached XP level 4. HP: 22/35 MP: 4/4
  1691 | D:3      | Found a sparkling altar of Nemelex Xobeh.
  1837 | D:3      | Reached skill level 4 in Maces & Flails
  1945 | D:3      | Gained mutation: You are partially covered in slimy green scales. (AC +2) [demonic ancestry]
  1945 | D:3      | Reached XP level 5. HP: 41/42 MP: 5/5
  1960 | D:3      | Found a glowing drain.
  1971 | Sewer    | Entered a sewer
  2045 | Sewer    | Reached skill level 4 in Fighting
  2279 | Sewer    | Reached XP level 6. HP: 30/49 MP: 3/6
  2284 | Sewer    | Reached skill level 5 in Maces & Flails
  2284 | Sewer    | Reached skill level 5 in Fighting
  2534 | D:3      | Noticed Sigmund
  2913 | D:4      | Reached XP level 7. HP: 30/56 MP: 3/7
  3110 | D:4      | Reached skill level 6 in Fighting
  3120 | D:4      | Reached skill level 6 in Maces & Flails
  3411 | D:4      | Found a snail-covered altar of Cheibriados.
  3441 | D:4      | Found a staircase to the Ecumenical Temple.
  3741 | D:5      | Entered Level 5 of the Dungeon
  3892 | D:5      | Reached skill level 3 in Dodging
  4199 | D:5      | Gained mutation: You are mostly covered in slimy green scales. (AC +3) [demonic ancestry]
  4199 | D:5      | Reached XP level 8. HP: 50/65 MP: 5/8
  4352 | Temple   | Entered the Ecumenical Temple
  4484 | Temple   | Became a worshipper of Warmaster Okawaru
  4685 | D:5      | Reached skill level 7 in Fighting
  5344 | D:6      | Reached skill level 4 in Dodging
  5441 | D:6      | Reached skill level 7 in Maces & Flails
  5942 | D:7      | Noticed Menkaure
  5951 | D:7      | Killed Menkaure
  5951 | D:7      | Reached * piety under Okawaru
  6122 | D:7      | Reached skill level 5 in Dodging
  6125 | D:7      | Found a burning altar of Makhleb.
  6126 | D:7      | Noticed an oklob plant
  6158 | D:7      | Noticed Joseph
  6171 | D:7      | Killed Joseph
  6171 | D:7      | Reached skill level 8 in Fighting
  6171 | D:7      | Gained mutation: You have a pair of small antennae on your head. [demonic ancestry]
  6171 | D:7      | Reached XP level 9. HP: 21/74 MP: 3/9
  6443 | D:7      | Noticed Pikel
  6476 | D:7      | Killed Pikel
  6476 | D:7      | Reached skill level 8 in Maces & Flails
  6768 | D:7      | Reached ** piety under Okawaru
  6817 | D:7      | Found a sparkling altar of Nemelex Xobeh.
  6850 | D:7      | Reached skill level 1 in Armour
  6850 | D:7      | Reached skill level 6 in Dodging
  7428 | D:8      | Noticed a two-headed ogre
  7443 | D:8      | Killed a two-headed ogre
  7443 | D:8      | Reached skill level 2 in Armour
  7580 | D:7      | Reached skill level 9 in Fighting
  7702 | D:8      | Gained mutation: You have a pair of antennae on your head. [demonic ancestry]
  7702 | D:8      | Reached XP level 10. HP: 81/83 MP: 10/10
  7731 | D:8      | Reached *** piety under Okawaru
  7739 | D:8      | Found a staircase to the Lair.
  7896 | D:8      | Reached skill level 3 in Armour
  7951 | D:8      | Found Pehesuun's Magic Scroll Shoppe.
  8126 | D:8      | Reached skill level 7 in Dodging
  8315 | D:2      | Noticed Crazy Yiuf
  8318 | D:2      | Killed Crazy Yiuf
  8570 | D:3      | Killed Sigmund
  8907 | Lair:1   | Entered Level 1 of the Lair of Beasts
  9154 | Lair:1   | Reached skill level 1 in Invocations
  9159 | Lair:1   | Reached skill level 9 in Maces & Flails
  9167 | Lair:1   | Reached **** piety under Okawaru
  9268 | Lair:1   | Reached skill level 4 in Armour
  9268 | Lair:1   | Reached skill level 2 in Invocations
  9337 | Lair:2   | Noticed a spiny frog
  9346 | Lair:2   | Killed a spiny frog
  9637 | Lair:2   | Noticed a guardian serpent
  9650 | Lair:2   | Killed a guardian serpent
  9650 | Lair:2   | Reached skill level 3 in Invocations
 10088 | Lair:2   | Noticed a spiny frog
 10090 | Lair:2   | Noticed a spiny frog
 10098 | Lair:2   | Killed a spiny frog
 10106 | Lair:2   | Killed a spiny frog
 10106 | Lair:2   | Reached ***** piety under Okawaru
 10106 | Lair:2   | Reached skill level 4 in Invocations
 10442 | Lair:2   | Gained mutation: You are immune to rotting. [demonic ancestry]
 10442 | Lair:2   | Reached XP level 11. HP: 90/90 MP: 14/14
 10780 | Lair:2   | Found a staircase to the Snake Pit.
 10884 | Lair:3   | Reached skill level 10 in Fighting
 10909 | Lair:3   | Reached skill level 8 in Dodging
 11254 | Lair:3   | Reached skill level 5 in Armour
 11353 | Lair:3   | Reached skill level 5 in Invocations
 12191 | Lair:4   | HP: 3/91 [tyrant leech (10)]
 12317 | Lair:3   | HP: 8/91 [komodo dragon (15)]
 12323 | Lair:3   | HP: 7/91 [komodo dragon (8)]
 13221 | Lair:4   | Reached skill level 1 in Shields
 13542 | Lair:4   | Noticed a five-headed hydra
 13556 | Lair:4   | Killed a five-headed hydra
 13556 | Lair:4   | Received a gift from Okawaru
 13556 | Lair:4   | Reached skill level 10 in Maces & Flails
 13556 | Lair:4   | Reached skill level 6 in Invocations
 13559 | Lair:4   | Got a pair of faintly glowing boots {god gift}
 13574 | Lair:4   | Identified the -4 pair of boots of Honour {Regen+ Stlth+} (Okawaru gifted it to you on level 4 of the Lair of Beasts)
 13611 | Lair:4   | Noticed a lindwurm
 13629 | Lair:4   | Killed a lindwurm
 14177 | Lair:4   | Noticed an alligator
 14206 | Lair:4   | Killed an alligator
 14206 | Lair:4   | Reached skill level 2 in Shields
 14536 | Lair:4   | Found a staircase to the Swamp.
 14647 | Lair:4   | Noticed Urug
 14675 | Lair:4   | Killed Urug
 14675 | Lair:4   | Reached skill level 6 in Armour
 15175 | Lair:5   | Reached XP level 12. HP: 92/99 MP: 17/17
 15223 | Lair:4   | Reached skill level 7 in Invocations
 15476 | Lair:5   | Reached skill level 3 in Shields
 15488 | Lair:5   | Reached skill level 9 in Dodging
 15553 | Lair:5   | Reached skill level 11 in Fighting
 15583 | Lair:5   | Received a gift from Okawaru
 15702 | Lair:5   | Reached skill level 7 in Armour
 15717 | Lair:5   | HP: 10/100 [poisoned by a spiny frog]
 15722 | Lair:5   | HP: 7/100 [poisoned by a spiny frog]
 15727 | Lair:5   | HP: 5/100 [poisoned by a spiny frog]
 15734 | Lair:5   | HP: 4/100 [poisoned by a spiny frog]
 15741 | Lair:5   | HP: 4/100 [poisoned by a spiny frog]
 15749 | Lair:5   | HP: 4/100 [poisoned by a spiny frog]
 15773 | Lair:5   | Noticed an eight-headed hydra
 16211 | Lair:5   | Killed an eight-headed hydra
 16274 | Lair:5   | Reached skill level 8 in Invocations
 16348 | Lair:5   | Noticed a four-headed hydra
 16358 | Lair:5   | Killed a four-headed hydra
 16588 | Lair:5   | Reached skill level 4 in Shields
 16655 | Lair:5   | Noticed an eight-headed hydra
 16667 | Lair:5   | Killed an eight-headed hydra
 16667 | Lair:5   | Received a gift from Okawaru
 16672 | Lair:5   | Got a pair of faintly glowing gloves {god gift}
 16678 | Lair:5   | Identified the +0 pair of gloves of Tybbelues {rC+ rCorr} (Okawaru gifted it to you on level 5 of the Lair of Beasts)
 16711 | Lair:5   | Noticed a four-headed hydra
 16732 | Lair:5   | Killed a four-headed hydra
 17033 | Lair:5   | Found a staircase to the Slime Pits.
 17339 | Lair:5   | Reached XP level 13. HP: 106/106 MP: 6/19
 17497 | Lair:5   | Reached skill level 9 in Invocations
 17650 | Lair:6   | Entered Level 6 of the Lair of Beasts
 17692 | Lair:6   | Reached skill level 11 in Maces & Flails
 17732 | Lair:6   | Noticed Jazqa's ghost (journeyman FeBe)
 17758 | Lair:6   | Killed Jazqa's ghost
 18212 | Lair:6   | Reached skill level 8 in Armour
 18339 | Lair:6   | Got a shimmering chain mail
 18500 | Lair:6   | Identified the cursed +1 chain mail of the Rabble {Str+2 Stlth+} (You found it on level 6 of the Lair of Beasts)
 18534 | Lair:5   | Reached skill level 12 in Fighting
 18784 | Lair:6   | Reached skill level 10 in Dodging
 18886 | Lair:6   | Received a gift from Okawaru
 19068 | Lair:6   | Reached skill level 10 in Invocations
 19893 | Lair:6   | Received a gift from Okawaru
 19912 | Lair:6   | Reached ****** piety under Okawaru
 19918 | Lair:6   | Gained mutation: You have a pair of large antennae on your head. (SInv) [demonic ancestry]
 19918 | Lair:6   | Reached XP level 14. HP: 82/116 MP: 5/22
 19925 | Lair:6   | Reached skill level 9 in Armour
 20085 | Lair:6   | Got a warped crystal plate armour {god gift}
 20097 | Lair:6   | Identified the +4 crystal plate armour of Vexation {rF- Str+4 Int+2 Stlth+} (Okawaru gifted it to you on level 6 of the Lair of Beasts)
 20772 | D:8      | Reached skill level 11 in Invocations
 21020 | D:9      | Reached skill level 13 in Fighting
 21113 | D:10     | Entered Level 10 of the Dungeon
 21153 | D:10     | Found a staircase to the Orcish Mines.
 21482 | D:10     | Reached skill level 12 in Maces & Flails
 22182 | Orc:1    | Entered Level 1 of the Orcish Mines
 22870 | Orc:2    | Entered Level 2 of the Orcish Mines
 22870 | Orc:2    | Found Komn's Weapon Boutique.
 22883 | Orc:2    | Found Xyvuq's Weapon Emporium.
 22895 | Orc:2    | Found a roughly hewn altar of Beogh.
 22959 | Orc:2    | Reached skill level 11 in Dodging
 23099 | Orc:2    | Found a staircase to the Elven Halls.
 23505 | Orc:2    | Found Ceematam's Armour Emporium.
 23527 | Orc:2    | Bought a +3 plate armour of magic resistance for 540 gold pieces
 23630 | Orc:2    | Received a gift from Okawaru
 23962 | Orc:2    | Found Pephofoli's Weapon Boutique.
 23962 | Orc:2    | Found Detileun's Magic Scroll Emporium.
 23968 | Orc:2    | Found Owuakh's Food Boutique.
 23968 | Orc:2    | Found Ziunociade's Antique Armour Emporium.
 24176 | Orc:2    | Bought the +2 pair of boots of the Onion {+Inv rElec rC+ Stlth+} for 543 gold pieces
 24466 | Elf:1    | Entered Level 1 of the Elven Halls
 24665 | Orc:2    | Reached skill level 12 in Invocations
 25037 | Elf:1    | Reached skill level 14 in Fighting
 25049 | Elf:1    | Reached skill level 10 in Armour
 25362 | Orc:2    | Reached XP level 15. HP: 49/126 MP: 4/24
 26750 | D:11     | Found a flickering gateway to a bazaar.
 26771 | Bazaar   | Entered a bazaar
 26771 | Bazaar   | Found Futhrius's Magic Scroll Shop.
 26771 | Bazaar   | Found Bofuituu's Jewellery Shop.
 26788 | Bazaar   | Bought a scroll of enchant armour for 142 gold pieces
 26788 | Bazaar   | Bought a scroll of enchant armour for 142 gold pieces
 26792 | Bazaar   | Bought an uncursed amulet of faith for 280 gold pieces
 26930 | D:11     | Identified a potion of resistance
 27212 | D:11     | Noticed Josephine
 27218 | D:11     | Killed Josephine
 27218 | D:11     | Received a gift from Okawaru
 27322 | D:11     | Noticed Erica
 27322 | D:11     | Noticed Erica
 27322 | D:11     | Erica changed into Erica the redback
 27322 | D:11     | Killed Erica the redback
 27617 | D:11     | Noticed Snorg
 27626 | D:11     | Killed Snorg
 28080 | D:12     | Noticed Sonja
 28216 | D:12     | Killed Sonja
 28408 | D:12     | Noticed Gastronok
 28431 | D:12     | Killed Gastronok
 28482 | D:12     | Reached skill level 13 in Invocations
 28732 | D:12     | Noticed Frances
 28743 | D:12     | Noticed Frances
 28743 | D:12     | Frances changed into Frances the queen ant
 28759 | D:12     | Killed Frances the queen ant
 28902 | D:12     | Received a gift from Okawaru
 29094 | D:13     | Reached skill level 12 in Dodging
 29254 | D:13     | Reached skill level 15 in Fighting
 29700 | D:14     | Found a shattered altar of Ashenzari.
 29877 | D:14     | Reached skill level 13 in Maces & Flails
 30053 | D:14     | Found a gate to the Vaults.
 30074 | D:14     | Received a gift from Okawaru
 30092 | D:14     | Identified a +0 crystal plate armour (Okawaru gifted it to you on level 14 of the Dungeon)
 30685 | D:14     | Got a spiked scarf
 30696 | D:14     | Identified the cursed scarf of the Doldrums {rElec} (You found it on level 14 of the Dungeon)
 30984 | D:14     | Reached skill level 11 in Armour
 30985 | D:14     | You fall through a shaft!
 30985 | D:15     | Entered Level 15 of the Dungeon
 31037 | D:15     | Reached XP level 16. HP: 47/137 MP: 3/26
 31483 | D:15     | Reached skill level 16 in Fighting
 31799 | D:15     | Received a gift from Okawaru
 31808 | D:15     | Got a crude demon whip {god gift}
 31811 | D:15     | Identified the +2 demon whip "Zyffupung" {flame, MR++ Dex-5} (Okawaru gifted it to you on level 15 of the Dungeon)
 31974 | D:15     | Found a sacrificial altar of Ru.
 32374 | D:15     | Found a staircase to the Depths.
 32730 | Snake:1  | Entered Level 1 of the Snake Pit
 33263 | Snake:1  | Reached skill level 13 in Dodging
 34078 | Snake:1  | Reached skill level 12 in Armour
 34447 | Snake:1  | Reached skill level 17 in Fighting
 34660 | Snake:2  | Found Kufrumu's Weapon Shoppe.
 34660 | Snake:2  | Found Wuunyihi's Jewellery Emporium.
 34667 | Snake:2  | Found Deelaofa's Magic Scroll Shoppe.
 34668 | Snake:2  | Found Irigh's Antique Weapon Emporium.
 34685 | Snake:2  | Bought an uncursed ring of protection from fire for 500 gold pieces
 34699 | Snake:2  | Noticed Aizul
 34708 | Snake:2  | Noticed Aizul
 34708 | Snake:2  | Aizul changed into Aizul the five-headed hydra
 34712 | Snake:2  | Killed Aizul the five-headed hydra
 34754 | Snake:2  | Reached skill level 5 in Shields
 34874 | Snake:2  | Noticed Vashnia
 34891 | Snake:2  | Received a gift from Okawaru
 35252 | Snake:2  | Killed Vashnia
 35252 | Snake:2  | Received a gift from Okawaru
 35460 | Snake:2  | Noticed Asterion
 35496 | Snake:2  | Killed Asterion
 35873 | Snake:2  | Gained mutation: You are dopey. (Int -2) [potion of mutation]
 35873 | Snake:2  | Gained mutation: You have sharp toenails. [potion of mutation]
 35873 | Snake:2  | Gained mutation: You have razor-sharp toenails. [potion of mutation]
 35873 | Snake:2  | Gained mutation: You are agile. (Dex +2) [potion of mutation]
 36382 | Snake:3  | Reached skill level 6 in Shields
 36448 | Snake:3  | Gained mutation: You resist negative energy. (rN+) [demonic ancestry]
 36448 | Snake:3  | Reached XP level 17. HP: 142/149 MP: 1/27
 36544 | Snake:3  | Found Ocell's Distillery.
 36818 | Snake:3  | Lost mutation: You are agile. (Dex +2) [potion of mutation]
 36818 | Snake:3  | Lost mutation: You have razor-sharp toenails. [potion of mutation]
 36818 | Snake:3  | Lost mutation: You have sharp toenails. [potion of mutation]
 36818 | Snake:3  | Lost mutation: You are dopey. (Int -2) [potion of mutation]
 36818 | Snake:3  | Gained mutation: You are covered in fur. (AC +1) [potion of mutation]
 36818 | Snake:3  | Gained mutation: Your flesh is cold resistant. (rC+) [potion of mutation]
 37270 | Snake:3  | Reached skill level 7 in Shields
 37506 | Snake:3  | Reached skill level 18 in Fighting
 37523 | Snake:3  | Reached skill level 13 in Armour
 37679 | Snake:3  | Received a gift from Okawaru
 37692 | Snake:3  | Got a sparkling amber ring
 38211 | Snake:4  | Entered Level 4 of the Snake Pit
 38241 | Snake:4  | Got a smoking ring mail
 38256 | Snake:4  | Identified the ring of Leblev {MR+ Str+2 Dex+4 SInv} (You took it off a naga sharpshooter on level 3 of the Snake Pit)
 38260 | Snake:4  | Identified the +4 ring mail of the Wasteland {Int+6} (You found it on level 4 of the Snake Pit)
 38407 | Snake:4  | Noticed Bai Suzhen
 38470 | Snake:3  | Bought a potion of heal wounds for 60 gold pieces
 38541 | Snake:4  | Killed Bai Suzhen
 38783 | Snake:4  | Reached skill level 8 in Shields
 39471 | Snake:4  | Received a gift from Okawaru
 39474 | Snake:4  | Got a scorched eveningstar {god gift}
 39884 | Snake:4  | Identified the +12 eveningstar "Q" {freeze, *Rage rPois rF- Int+10} (Okawaru gifted it to you on level 4 of the Snake Pit)
 40234 | Snake:4  | Reached XP level 18. HP: 96/158 MP: 9/28
 40548 | Snake:4  | Reached skill level 9 in Shields
 40588 | Snake:4  | Reached skill level 14 in Armour
 40705 | Snake:4  | Received a gift from Okawaru
 41103 | Snake:4  | Got a transparent morningstar {god gift}
 41321 | Snake:4  | Reached skill level 19 in Fighting
 41574 | Snake:4  | Got a serpentine rune of Zot
 41628 | Snake:4  | Identified the +10 morningstar of Uncomfortable Rashes {crush, *Noise rElec rF+} (Okawaru gifted it to you on level 4 of the Snake Pit)
 42166 | Swamp:1  | Entered Level 1 of the Swamp
 42216 | Swamp:1  | Noticed Roxanne
 42251 | Swamp:1  | Killed Roxanne
 42465 | Swamp:1  | Received a gift from Okawaru
 42586 | Swamp:1  | Got a steaming plate armour {god gift}
 42591 | Swamp:1  | Identified the +8 plate armour "Yqoes" {Str+3 SInv} (Okawaru gifted it to you on level 1 of the Swamp)
 42680 | Swamp:1  | Found a transporter.
 43005 | Swamp:1  | Reached skill level 10 in Shields
 43156 | Swamp:1  | Found a transporter.
 43160 | Swamp:1  | Got a fine wooden ring
 43161 | Swamp:1  | Identified the ring "Tikhlub" {Wiz rF++} (You found it on level 1 of the Swamp)
 43194 | Swamp:1  | Got a smoking steel ring
 43195 | Swamp:1  | Identified the ring of Scepticism {MP+9 Int+6 SInv} (You found it on level 1 of the Swamp)
 44767 | Swamp:3  | Noticed Mara
 44771 | Swamp:3  | Noticed Jazqa's illusion
 44797 | Swamp:3  | Killed Mara
 44933 | Swamp:3  | Noticed Donald
 44944 | Swamp:3  | Noticed Louise
 44958 | Swamp:3  | Killed Louise
 45153 | Swamp:3  | Killed Donald
 45624 | Swamp:3  | Noticed Jorgrun
 45639 | Swamp:3  | Killed Jorgrun
 45643 | Swamp:3  | Received a gift from Okawaru
 45776 | Swamp:3  | Reached skill level 15 in Armour
 45990 | Swamp:3  | Gained mutation: You are completely covered in slimy green scales. (AC +4, rPois) [demonic ancestry]
 45990 | Swamp:3  | Reached XP level 19. HP: 156/167 MP: 29/29
 46095 | Swamp:4  | Entered Level 4 of the Swamp
 46529 | Swamp:3  | Reached skill level 11 in Shields
 46608 | Swamp:3  | Received a gift from Okawaru
 47891 | Swamp:4  | Got a decaying rune of Zot
 47975 | Swamp:4  | Reached skill level 20 in Fighting
 49357 | Elf:1    | Received a gift from Okawaru
 49868 | Elf:2    | Found Wousait's Assorted Antiques.
 49876 | Elf:2    | Bought a scroll labeled PODIDEQE UVVUG for 41 gold pieces
 49983 | Elf:2    | Reached skill level 12 in Shields
 49989 | Elf:2    | Found a runed gate.
 49989 | Elf:2    | Found a runed gate.
 49991 | Elf:2    | Found a runed gate.
 50471 | Elf:2    | Received a gift from Okawaru
 50497 | Elf:2    | Reached skill level 14 in Maces & Flails
 50523 | Elf:2    | Reached skill level 16 in Armour
 51205 | Vaults:1 | Entered Level 1 of the Vaults
 51220 | Vaults:1 | Gained mutation: You are somewhat able to resist unholy torments (1 in 2 success). [demonic ancestry]
 51220 | Vaults:1 | Reached XP level 20. HP: 157/176 MP: 30/30
 51523 | Vaults:1 | Found Vamnosiu's General Store.
 51553 | Vaults:1 | Bought a scroll of enchant armour for 90 gold pieces
 52144 | Vaults:1 | Reached skill level 13 in Shields
 52682 | Vaults:2 | Found Ruyky's General Store.
 52742 | Vaults:2 | Received a gift from Okawaru
 53071 | Vaults:2 | Reached skill level 15 in Maces & Flails
 54064 | Vaults:2 | Reached skill level 17 in Armour
 54966 | Vaults:3 | Reached XP level 21. HP: 183/183 MP: 31/31
 55169 | Vaults:3 | Reached skill level 14 in Shields
 55443 | Vaults:3 | Found a white marble altar of Elyvilon.
 55476 | Vaults:3 | Received a gift from Okawaru
 55897 | Vaults:3 | Identified a scroll of acquirement
 55983 | Vaults:3 | Found a staircase to the Crypt.
 56210 | Vaults:3 | Noticed Jazqa's ghost (adept MiFi)
 56254 | Vaults:3 | Killed Jazqa's ghost
 56581 | Vaults:3 | Reached skill level 16 in Maces & Flails
 57086 | Vaults:4 | Found Jonu Xoul's Distillery.
 57101 | Vaults:4 | Bought a potion of curing for 60 gold pieces
 57101 | Vaults:4 | Bought a potion of haste for 200 gold pieces
 57101 | Vaults:4 | Bought 2 potions of mutation for 320 gold pieces
 57101 | Vaults:4 | Bought a potion of haste for 200 gold pieces
 57101 | Vaults:4 | Bought a potion of resistance for 200 gold pieces
 57128 | Vaults:4 | Found Curcheiwul's Weapon Emporium.
 57641 | Vaults:4 | Received a gift from Okawaru
 58226 | Vaults:4 | Found Wouj's Magic Scroll Emporium.
 58233 | Vaults:4 | Bought a scroll of blinking for 165 gold pieces
 58321 | Vaults:4 | Noticed Saint Roka
 58368 | Vaults:4 | Killed Saint Roka
 58368 | Vaults:4 | Reached skill level 15 in Shields
 58774 | Vaults:4 | Noticed an ancient lich
 58786 | Vaults:4 | Killed an ancient lich
 58786 | Vaults:4 | Reached skill level 18 in Armour
 58786 | Vaults:4 | Reached skill level 14 in Invocations
 58814 | Vaults:4 | Gained mutation: Your melee attacks may debilitate your foes. [demonic ancestry]
 58814 | Vaults:4 | Reached XP level 22. HP: 175/190 MP: 10/32
 58847 | Vaults:4 | Identified the Tome of Hurtful Protection
 59057 | Vaults:5 | Entered Level 5 of the Vaults
 59357 | Vaults:4 | Received a gift from Okawaru
 59565 | Vaults:5 | Paralysed by a floating eye for 2 turns
 60477 | Vaults:5 | Noticed an ancient lich
 60678 | Vaults:5 | Killed an ancient lich
 60686 | Vaults:4 | HP: 11/190 [titan/the air (32)]
 61193 | Vaults:4 | Reached skill level 15 in Invocations
 61314 | Vaults:5 | Received a gift from Okawaru
 61360 | Vaults:5 | Got an ichor-stained morningstar {god gift}
 61526 | Vaults:4 | Identified the +9 morningstar of the Endless Expanse {crush, Str+5 Int+4 Dex+4} (Okawaru gifted it to you on level 5 of the Vaults)
 61619 | Vaults:5 | Reached skill level 14 in Dodging
 61984 | Vaults:5 | Noticed a golden dragon
 61994 | Vaults:5 | Killed a golden dragon
 62233 | Vaults:5 | Received a gift from Okawaru
 62243 | Vaults:5 | Noticed an ancient lich
 62258 | Vaults:5 | Killed an ancient lich
 62267 | Vaults:5 | Got a shimmering eveningstar {god gift}
 62269 | Vaults:5 | Identified the +6 eveningstar "Arbiter" {freeze, rC++ Dex+7} (Okawaru gifted it to you on level 5 of the Vaults)
 62501 | Vaults:4 | Gained mutation: You may emit foul miasma when damaged in melee. [demonic ancestry]
 62501 | Vaults:4 | Reached XP level 23. HP: 95/196 MP: 11/34
 62817 | Vaults:5 | Reached skill level 17 in Maces & Flails
 62912 | Vaults:5 | Received a gift from Okawaru
 62952 | Vaults:5 | Reached skill level 16 in Shields
 63202 | Vaults:4 | Reached skill level 16 in Invocations
 63276 | Vaults:4 | Lost mutation: Your flesh is cold resistant. (rC+) [potion of mutation]
 63276 | Vaults:4 | Gained mutation: You are robust. (+10% HP) [potion of mutation]
 63276 | Vaults:4 | Gained mutation: Your muscles are strong. (Str +2) [potion of mutation]
 63276 | Vaults:4 | Gained mutation: Your natural rate of healing is unusually fast. [potion of mutation]
 63372 | Vaults:5 | Noticed a shard shrike
 63372 | Vaults:5 | a titan changed into a shard shrike
 63377 | Vaults:5 | Killed a shard shrike
 63830 | Vaults:5 | Reached skill level 19 in Armour
 64379 | Vaults:5 | Found Valenlidgh's Gadget Shop.
 64464 | Vaults:5 | Was placed under penance by Okawaru
 64630 | Vaults:5 | Got a silver rune of Zot
 64759 | Vaults:5 | Was forgiven by Okawaru
 64995 | Vaults:4 | Got a twitching steel amulet
 64996 | Vaults:4 | Identified the amulet "Wucomolaiwn" {Harm *Drain MP+9 Dex+3} (You took it off a vault sentinel on level 4 of the Vaults)
 65232 | Vaults:1 | Reached skill level 15 in Dodging
 65258 | Vaults:1 | Received a gift from Okawaru
 65259 | Vaults:1 | Got a pair of jewelled boots {god gift}
 65289 | Vaults:1 | Identified the +0 pair of boots of the Earth {rF+} (Okawaru gifted it to you on level 1 of the Vaults)
 65573 | Depths:1 | Entered Level 1 of the Depths
 65717 | Depths:1 | Reached skill level 17 in Invocations
 66269 | Depths:1 | Reached XP level 24. HP: 224/224 MP: 11/35
 66531 | Depths:1 | Found a gateway to Hell.
 67034 | Depths:2 | Noticed a juggernaut
 67241 | Depths:2 | Received a gift from Okawaru
 67301 | Depths:2 | Got a scorched flail {god gift}
 67303 | Depths:2 | Identified the +5 flail of the Real Monster {freeze, *Corrode rF++ Int+2} (Okawaru gifted it to you on level 2 of the Depths)
 67342 | Depths:2 | Got a flickering marble ring
 67481 | Depths:2 | Killed a juggernaut
 67600 | Depths:2 | Found a gateway to a ziggurat.
 67950 | Depths:2 | Identified the ring of Nihilism {rElec rC+ MR+ Str+4 Stlth-} (You took it off a hell knight on level 2 of the Depths)
 68362 | Depths:2 | Reached skill level 17 in Shields
 68569 | Depths:3 | Noticed a juggernaut
 68592 | Depths:3 | Noticed a caustic shrike
 68605 | Depths:3 | Noticed ThereIsNoGod's ghost (adept TrFi)
 68634 | Depths:2 | Killed a caustic shrike
 68634 | Depths:2 | Received a gift from Okawaru
 68634 | Depths:2 | Reached skill level 18 in Maces & Flails
 68940 | Depths:2 | Reached skill level 18 in Invocations
 69030 | Depths:3 | Killed a juggernaut
 69088 | Depths:3 | Killed ThereIsNoGod's ghost
 69389 | Depths:3 | Found a one-way gate leading to the halls of Pandemonium.
 69514 | Depths:3 | Found Haduxiah's Antique Armour Shop.
 70404 | Depths:4 | Received a gift from Okawaru
 70591 | Depths:4 | Reached skill level 16 in Dodging
 70599 | Depths:4 | Reached XP level 25. HP: 197/231 MP: 12/36
 70820 | Depths:4 | Found a one-way gate to the infinite horrors of the Abyss.
 71115 | Depths:4 | Reached skill level 20 in Armour
 71271 | Depths:4 | Identified the +7 mace "Synyo" {crush, rPois rN+} (You found it on level 4 of the Depths)
 71470 | Depths:5 | Entered Level 5 of the Depths
 72033 | Depths:5 | Reached skill level 19 in Invocations
 72174 | Depths:5 | Found a gate to the Realm of Zot.
 72184 | Depths:5 | Received a gift from Okawaru
 72218 | Depths:5 | Identified the +4 robe "Ovie" {rF+ rCorr} (Okawaru gifted it to you on level 5 of the Depths)
 72771 | Zot:1    | Entered Level 1 of the Realm of Zot
 73513 | Zot:1    | Reached skill level 18 in Shields
 74206 | Vaults:2 | Bought a potion of haste for 170 gold pieces
 74206 | Vaults:2 | Bought a potion of agility for 68 gold pieces
 74283 | Vaults:4 | Bought a potion of curing for 60 gold pieces
 74283 | Vaults:4 | Bought 2 potions of curing for 120 gold pieces
 74283 | Vaults:4 | Bought a potion of might for 80 gold pieces
 74283 | Vaults:4 | Bought a potion of curing for 60 gold pieces
 74283 | Vaults:4 | Bought a potion of agility for 80 gold pieces
 74283 | Vaults:4 | Bought a potion of berserk rage for 100 gold pieces
 74283 | Vaults:4 | Bought a potion of ambrosia for 160 gold pieces
 74526 | D:8      | Bought a scroll of summoning for 142 gold pieces
 74526 | D:8      | Bought a scroll of fog for 30 gold pieces
 74526 | D:8      | Bought a scroll of enchant armour for 112 gold pieces
 74526 | D:8      | Bought a scroll of silence for 112 gold pieces
 74526 | D:8      | Bought a scroll of teleportation for 45 gold pieces
 74526 | D:8      | Bought a scroll of blinking for 112 gold pieces
 74526 | D:8      | Bought a scroll of blinking for 112 gold pieces
 75008 | Zot:2    | Received a gift from Okawaru
 75219 | Zot:2    | Reached skill level 19 in Maces & Flails
 75264 | Zot:2    | Reached skill level 20 in Invocations
 75461 | Zot:2    | Noticed an orb of fire
 75463 | Zot:2    | Lost mutation: You are robust. (+10% HP) [an orb of fire]
 75479 | Zot:2    | Gained mutation: Your flesh is cold resistant. (rC+) [an orb of fire]
 75487 | Zot:2    | Gained mutation: Your body sometimes deteriorates upon taking damage. [an orb of fire]
 75501 | Zot:2    | Was placed under penance by Okawaru
 75506 | Zot:2    | Killed an orb of fire
 75506 | Zot:2    | Reached skill level 17 in Dodging
 75572 | Zot:2    | Lost mutation: Your body sometimes deteriorates upon taking damage. [potion of mutation]
 75572 | Zot:2    | Lost mutation: Your natural rate of healing is unusually fast. [potion of mutation]
 75572 | Zot:2    | Lost mutation: Your flesh is cold resistant. (rC+) [potion of mutation]
 75572 | Zot:2    | Gained mutation: Your flesh is heat resistant. (rF+) [potion of mutation]
 75572 | Zot:2    | Gained mutation: You have sharp toenails. [potion of mutation]
 75606 | Zot:2    | Gained mutation: You frequently emit foul miasma when damaged in melee. [demonic ancestry]
 75606 | Zot:2    | Reached XP level 26. HP: 218/218 MP: 12/37
 77699 | Zot:3    | Noticed a curse toe
 77718 | Zot:3    | Killed a curse toe
 77803 | Zot:3    | Noticed an orb of fire
 77847 | Zot:3    | Gained mutation: Your magical capacity is low. (-10% MP) [an orb of fire]
 77851 | Zot:3    | Gained mutation: Your body sometimes deteriorates upon taking damage. [an orb of fire]
 77854 | Zot:3    | Gained mutation: You do not regenerate when monsters are visible. [an orb of fire]
 77856 | Zot:3    | Killed an orb of fire
 77897 | Zot:3    | HP: 10/218 [red draconian annihilator/crystal spear (73)]
 78277 | Zot:3    | Lost mutation: Your magical capacity is low. (-10% MP) [potion of mutation]
 78277 | Zot:3    | Lost mutation: Your muscles are strong. (Str +2) [potion of mutation]
 78277 | Zot:3    | Lost mutation: Your flesh is heat resistant. (rF+) [potion of mutation]
 78277 | Zot:3    | Gained mutation: Armour fits poorly on your strangely shaped body. [potion of mutation]
 78277 | Zot:3    | Gained mutation: You evolve. [potion of mutation]
 78309 | Zot:3    | Was forgiven by Okawaru
 78807 | Zot:3    | Reached skill level 21 in Invocations
 79297 | Zot:4    | Gained mutation: You are agile. (Dex +2) [evolution]
 79854 | Zot:5    | Entered Level 5 of the Realm of Zot
 79908 | Zot:5    | Noticed a curse toe
 79925 | Zot:5    | Killed a curse toe
 80195 | Zot:5    | Reached skill level 19 in Shields
 80223 | Zot:5    | Received a gift from Okawaru
 80343 | Zot:5    | Reached skill level 18 in Dodging
 80363 | Zot:5    | Noticed an electric golem
 80395 | Zot:5    | Killed an electric golem
 80558 | Zot:5    | Reached skill level 20 in Maces & Flails
 80558 | Zot:5    | Reached XP level 27. HP: 224/224 MP: 37/37
 80577 | Zot:5    | Noticed an ancient lich
 80585 | Zot:5    | Noticed an orb of fire
 80586 | Zot:5    | Noticed an orb of fire
 80589 | Zot:5    | Lost mutation: Your body sometimes deteriorates upon taking damage. [an orb of fire]
 80592 | Zot:5    | Gained mutation: Scrolls take you a little longer to read. [an orb of fire]
 80600 | Zot:5    | Gained mutation: You occasionally shout uncontrollably at your foes. [an orb of fire]
 80603 | Zot:5    | Killed an orb of fire
 80605 | Zot:5    | Killed an ancient lich
 80615 | Zot:5    | Gained mutation: You are weak. (Str -2) [an orb of fire]
 80620 | Zot:5    | Killed an orb of fire
 80914 | Zot:4    | Lost mutation: You are agile. (Dex +2) [potion of mutation]
 80914 | Zot:4    | Lost mutation: Armour fits poorly on your strangely shaped body. [potion of mutation]
 80914 | Zot:4    | Lost mutation: You occasionally shout uncontrollably at your foes. [potion of mutation]
 80914 | Zot:4    | Gained mutation: Your system is resistant to poisons. (rPois) [potion of mutation]
 80914 | Zot:4    | Gained mutation: You possess an exceptional clarity of mind. [potion of mutation]
 80914 | Zot:4    | Lost mutation: Scrolls take you a little longer to read. [potion of mutation]
 80937 | Zot:5    | Noticed an ancient lich
 80962 | Zot:5    | Killed an ancient lich
 80962 | Zot:5    | Reached skill level 22 in Invocations
 80983 | Zot:5    | Noticed Jazqa's ghost (legendary HOBe)
 81030 | Zot:5    | Killed Jazqa's ghost
 81121 | Zot:5    | Noticed an orb of fire
 81132 | Zot:5    | Gained mutation: Your magical capacity is low. (-10% MP) [an orb of fire]
 81133 | Zot:5    | Gained mutation: You are frail. (-10% HP) [the power of Zot]
 81133 | Zot:5    | Gained mutation: You are clumsy. (Dex -2) [the power of Zot]
 81141 | Zot:5    | Killed an orb of fire
 81171 | Zot:5    | Paralysed by the power of Zot for 5 turns
 81172 | Zot:5    | Noticed an orb of fire
 81192 | Zot:5    | HP: 11/201 [orb of fire/fireball (33)]
 81192 | Zot:5    | Gained mutation: You occasionally shout uncontrollably at your foes. [an orb of fire]
 81195 | Zot:5    | Killed from afar by an orb of fire

Vanquished Creatures
  5 ancient liches
  Mara (Swamp:3)
  5 orbs of fire
  2 juggernauts
  The ghost of Jazqa the Slayer, a legendary HOBe of Trog (Zot:5)
  A shard shrike (Vaults:5)
  Saint Roka (Vaults:4)
  2 curse toes
  5 Killer Klowns
  A caustic shrike (Depths:2)
  13 golden dragons
  A bone dragon (Vaults:3)
  Jorgrun (Swamp:3)
  The ghost of Jazqa the Warrior, an adept MiFi of Cheibriados (Vaults:3)
  An electric golem (Zot:5)
  13 tentacled monstrosities
  14 Orb Guardians (Zot:5)
  3 titans
  Asterion (Snake:2)
  5 quicksilver dragons
  2 deep elf blademasters
  The ghost of ThereIsNoGod the Bludgeoner, an adept TrFi of Okawaru (Depths:3)
  2 deep elf master archers
  9 death cobs
  Gastronok (D:12)
  2 sphinxes
  Roxanne (Swamp:1)
  6 thorn hunters
  11 shadow dragons
  7 storm dragons
  3 tengu reavers
  11 draconian monks
  An azure jelly (Depths:1)
  11 nagarajas
  Donald (Swamp:3)
  11 frost giants
  8 fire giants
  8 deep elf sorcerers
  6 draconian knights
  3 ghost moths
  A cacodemon (Depths:3)
  A draconian scorcher (Zot:3)
  12 vault wardens
  3 draconian stormcallers
  22 ironheart preservers
  2 draconian shifters (Zot:1)
  A spriggan defender (Depths:4)
  31 stone giants
  4 draconian annihilators
  20 very ugly things
  2 vampire knights (Depths:4)
  2 entropy weavers
  2 large abominations (Vaults:5)
  4 green draconians
  3 deep elf annihilators
  2 war gargoyles (Vaults:5)
  3 deep elf demonologists
  7 red draconians
  A lorocyproca (Depths:5)
  9 black draconians
  3 white draconians
  9 purple draconians
  6 yellow draconians
  5 spark wasps
  A dire elephant (Vaults:4)
  A minotaur (Depths:4)
  4 deep elf death magi
  Snorg (D:11)
  12 ettins
  10 fire dragons
  Josephine (D:11)
  4 deep elf high priests
  18 ogre magi
  14 yaktaur captains
  13 ice dragons
  5 rakshasas
  32 vault guards
  19 naga warriors
  23 hydras
  8 great orbs of eyes
  2 ghost crabs
  10 anacondas
  12 alligators
  The ghost of Jazqa the Unseen, a journeyman FeBe of Trog (Lair:6)
  An alligator snapping turtle (shapeshifter) (Vaults:4)
  11 centaur warriors
  5 catoblepae
  61 two-headed ogres
  30 dancing weapons
  11 deep troll earth magi
  12 death yaks
  A queen ant (D:12)
  3 death knights (Vaults:4)
  16 deep troll shamans
  A death yak (shapeshifter) (Vaults:5)
  4 orc high priests
  8 tengu warriors
  A vampire mage (Depths:1)
  5 shock serpents
  Urug (Lair:4)
  11 naga sharpshooters
  A soul eater (Depths:5)
  6 spriggan berserkers
  21 deep elf knights
  7 salamander mystics
  Sonja (D:12)
  A fire crab (D:15)
  A shadow wraith (Vaults:3)
  14 hell knights
  3 iron trolls
  A fire crab (shapeshifter) (Depths:3)
  6 skeletal warriors
  6 wizards
  4 unseen horrors
  3 flayed ghosts
  11 swamp dragons
  2 shambling mangroves (Swamp:3)
  3 spriggan druids
  2 infernal demonspawn (Depths:3)
  48 deep trolls
  2 glowing orange brains (shapeshifter)
  4 naga ritualists
  9 glowing orange brains
  16 deep elf archers
  12 ironbrand convokers
  2 phantasmal warriors
  16 orc knights
  Pikel (D:7)
  14 mana vipers
  4 lindwurms
  3 wolf spiders
  10 necromancers
  78 deep elf magi
  An orb spider (Snake:4)
  7 orc sorcerers
  37 ugly things
  23 moths of wrath
  5 cyclopes
  4 manticores
  2 moths of wrath (shapeshifter)
  14 elephants (Lair:5)
  2 fire giant skeletons
  11 guardian serpents
  A water nymph (shapeshifter) (Vaults:2)
  An apocalypse crab (Vaults:4)
  An eye of devastation (Snake:4)
  21 naga magi
  2 rust devils
  10 salamanders
  Joseph (D:7)
  4 molten gargoyles (D:10)
  14 vault sentinels
  5 spectral swamp worms (Depths:3)
  43 black mambas
  22 spiny frogs
  2 gargoyles
  45 yaktaurs
  3 rime drakes
  4 orange demons
  A yaktaur zombie (Vaults:4)
  2 komodo dragons
  7 freezing wraiths
  An ice devil (Depths:3)
  A troll (shapeshifter) (Vaults:3)
  2 tengu conjurers
  A queen bee (shapeshifter) (Vaults:1)
  3 jumping spiders
  A meliai (shapeshifter) (Vaults:2)
  A polar bear (shapeshifter) (Depths:3)
  12 hornets
  11 trolls
  A wolf spider simulacrum (Vaults:1)
  2 wind drakes (shapeshifter)
  5 tyrant leeches
  A polar bear (Lair:4)
  5 bog bodies
  A snapping turtle (Vaults:4)
  10 dream sheep
  52 slime creatures
  A hippogriff (shapeshifter) (Vaults:1)
  24 blink frogs
  2 human simulacra
  6 hippogriffs
  Sigmund (D:3)
  4 flying skulls (D:9)
  2 spriggans (shapeshifter)
  A centaur simulacrum (D:14)
  A redback (shapeshifter) (Vaults:4)
  6 wraiths
  2 air elementals
  2 redbacks
  5 spriggans
  4 shadows
  A wyvern (D:14)
  7 water elementals
  4 basilisks
  4 hungry ghosts
  A yak (shapeshifter) (Depths:1)
  20 yaks
  2 fire elementals (Elf:1)
  A human (D:14)
  23 vampire mosquitoes
  Menkaure (D:7)
  23 swamp worms
  78 nagas
  10 wargs
  2 soldier ants (shapeshifter)
  22 insubstantial wisps
  3 acid dragons (Vaults:2)
  An ogre skeleton (Vaults:1)
  10 water moccasins
  A soldier ant (D:14)
  A swamp drake (shapeshifter) (Vaults:5)
  9 porcupines
  13 swamp drakes
  A black bear (D:8)
  5 sky beasts
  A slave (D:7)
  A black bear (shapeshifter) (Depths:1)
  2 hornet zombies
  3 phantoms
  3 eyes of draining
  43 orc warriors
  3 ice beasts
  An ettin simulacrum (Vaults:1)
  4 human zombies
  26 ogres
  14 wolves
  2 necrophages
  16 boggarts
  23 centaurs
  A crocodile (shapeshifter) (Depths:4)
  2 big kobolds
  8 crocodiles
  2 earth elementals
  22 bullfrogs
  2 human skeletons (Vaults:2)
  A wyvern zombie (D:13)
  2 wyvern skeletons
  2 scorpions
  An elf simulacrum (Vaults:2)
  4 killer bees (D:8)
  3 howler monkeys
  12 wights
  6 electric eels
  7 centaur zombies
  6 crimson imps
  3 bullfrog zombies
  4 quasits
  20 orc priests
  12 hounds
  4 jellies
  7 centaur skeletons
  24 orc wizards
  Crazy Yiuf (D:2)
  6 bullfrog skeletons
  3 iguanas
  2 iron imps
  9 worker ants
  2 hell rats (Lair:4)
  Terence (D:3)
  A killer bee zombie (D:9)
  2 hound skeletons (D:9)
  A howler monkey zombie (D:5)
  2 worker ant zombies (D:9)
  16 adders
  12 river rats (Lair:4)
  8 shadow imps
  3 white imps
  5 ufetubi
  18 oozes
  4 adder skeletons
  3 worms
  3 dart slugs
  15 leopard geckos
  100 orcs
  4 bats
  14 giant cockroaches
  7 goblins
  5 hobgoblins
  24 jackals
  5 quokkas
  12 ball pythons
  21 frilled lizards
  A jackal skeleton (D:6)
  8 kobolds
  A quokka zombie (D:9)
  3 rats
  A briar patch (Swamp:4)
2351 creatures vanquished.

Vanquished Creatures (collateral kills)
  Vashnia (Snake:2)
  Bai Suzhen (Snake:4)
  A tentacled monstrosity (Zot:1)
  A nagaraja (Snake:2)
  A fire giant (Vaults:4)
  A draconian scorcher (Zot:1)
  A large abomination (Depths:4)
  An ironheart preserver (Vaults:4)
  A yellow draconian (Zot:1)
  A fire dragon (Depths:5)
  A deep elf death mage (Depths:4)
  2 great orbs of eyes
  A naga warrior (Snake:4)
  A deep troll shaman (Depths:2)
  2 naga sharpshooters
  A shock serpent (Snake:4)
  A hell knight (Depths:4)
  An orc knight (Vaults:4)
  A phantasmal warrior (Vaults:4)
  A deep elf mage (Elf:1)
  2 salamanders (Snake:4)
  2 black mambas
  A naga mage (Snake:3)
  2 yaktaurs (Depths:4)
  A blink frog (Lair:6)
  2 nagas
  An orc priest (Orc:2)
33 creatures vanquished.

Vanquished Creatures (others)
  2 eldritch tentacles
  Louise (Swamp:3)
  A stone giant (Vaults:4)
  An ettin (Vaults:5)
  6 yaktaur captains
  An ogre mage (Vaults:3)
  An alligator (Swamp:1)
  A tengu warrior (Depths:3)
  6 naga sharpshooters
  A hell knight (Depths:2)
  5 deep elf archers
  2 deep elf magi
  A cyclops (Vaults:2)
  A black mamba (Lair:5)
  2 naga magi
  10 yaktaurs
  3 spatial vortices
  A vampire mosquito (Swamp:3)
  A naga (Snake:4)
  A swamp worm (Swamp:2)
  A water moccasin (Lair:5)
  2 slaves (D:7)
  4 ogres
  2 boggarts (Vaults:2)
  A scorpion (D:7)
  An iguana (D:7)
  A hound zombie (D:5)
  11 ball lightnings
  An orc (Vaults:5)
  5 kobolds (D:7)
  4 briar patches (Swamp:4)
  2 fire vortices
  15 fungi
  35 plants
133 creatures vanquished.

Grand Total: 2517 creatures vanquished
